Map: Acid Plant LE

Players

Namshar - Winner!

  • Race: Zerg Zerg
  • Spawn Location: 5:00

Kelazhur

  • Race: Terran Terran
  • Spawn Location: 11:00

Event: IEM Season 12 - Katowice

VOD

Have the link to the VOD?

Description

Time

  • Played on: Feb. 27, 2018, 5:20 a.m.
  • Length: 15:55

All games in this series

Show
View Real Time Build Order
Export as new Build Order

Namshar Zerg - Winner!

Build Orders: Hatch First 

Get SALT Encoding   

  12  0:00  Drone  
  13  0:12  Overlord  
  13  0:17  Drone  
  14  0:30  Drone x2  
  14  0:34  Drone  
  17  0:51  Hatchery  
  17  0:54  Drone  
  17  0:57  Drone  
  17  1:03  Extractor  
  17  1:13  Spawning Pool  
  17  1:15  Drone  
  17  1:18  Drone  
  18  1:28  Drone  
  19  1:42  Drone  
  20  1:49  Overlord  
  20  1:59  Queen  
  22  2:03  Queen, Metabolic Boost  
  22  2:05  Zergling x4  
  26  2:11  Drone  
  26  2:14  Drone  
  28  2:21  Drone  
  29  2:27  Drone  
  30  2:41  Queen  
  30  2:43  Queen  
  33  2:44  Overlord  
  33  2:45  Drone  
  33  2:47  Drone  
  35  3:04  Overlord  
  35  3:06  Drone x2  
  35  3:07  Zergling x2  
  38  3:14  Drone  
  38  3:15  Drone x3  
  42  3:21  Drone  
  43  3:32  Drone x3  
  45  3:35  Roach Warren, Hatchery  
  45  3:38  Queen  
  45  3:43  Overlord  
  45  3:49  Drone  
  45  3:51  Drone  
  45  3:55  Zergling x4  
  49  3:56  Overlord  
  49  3:57  Overlord  
  49  3:58  Drone  
  50  4:10  Extractor  
  50  4:13  Zergling x2  
  50  4:14  Zergling x2  
  50  4:16  Overlord  
  51  4:20  Roach  
  51  4:21  Roach x2  
  51  4:22  Roach  
  51  4:23  Drone x4  
  63  4:25  Lair  
  63  4:37  Drone x2  
  65  4:47  Baneling Nest  
  65  4:49  Evolution Chamber  
  65  4:50  Drone x6  
  65  4:51  Evolution Chamber, Queen  
  70  4:57  Drone x2  
  70  4:58  Drone  
  73  5:00  Overlord  
  73  5:04  Drone x3  
  76  5:17  Zergling x2  
  76  5:20  Drone  
  76  5:21  Drone x6  
  84  5:23  Extractor  
  84  5:24  Extractor  
  82  5:28  Hatchery  
  82  5:30  Overlord x2  
  82  5:34  Drone  
  82  5:35  Drone x2  
  82  5:47  Drone x3  
  82  5:48  Drone  
  86  5:53  Centrifical Hooks  
  86  5:55  Extractor  
  85  6:03  Overlord  
  85  6:04  Drone x2  
  87  6:06  Extractor, Hatchery  
  87  6:07  Drone x3  
  87  6:12  Drone x3  
  87  6:13  Zerg Ground Armor Level 1  
  87  6:16  Zerg Melee Weapons Level 1  
  90  6:20  Glial Reconstitution  
  90  6:21  Drone  
  90  6:33  Drone  
  90  6:34  Roach x4  
  99  6:41  Drone x2  
  99  6:43  Hydralisk Den  
  99  6:44  Zergling x12  
  99  6:45  Infestation Pit  
  105  6:57  Zergling x4  
  105  6:58  Zergling x6  
  105  7:00  Overlord  
  110  7:04  Zergling x2  
  110  7:05  Zergling x10  
  94  7:22  Drone x7  
  95  7:23  Drone x2  
  95  7:26  Drone  
  95  7:27  Drone x5, Queen  
  105  7:31  Hive  
  105  7:32  Grooved Spines  
  105  7:35  Ravager x4  
  109  7:41  Drone  
  109  7:42  Overlord x2  
  110  7:44  Baneling  
  110  7:45  Baneling x7  
  110  7:48  Overlord  
  110  8:02  Zergling x16  
  118  8:09  Hydralisk  
  118  8:10  Hydralisk x6  
  118  8:11  Hydralisk  
  134  8:13  Baneling x3  
  134  8:18  Hydralisk  
  134  8:19  Zergling x6  
  141  8:20  Zergling x4  
  141  8:25  Hydralisk, Zergling x2  
  141  8:26  Zergling x6  
  137  8:43  Hydralisk  
  137  8:44  Zergling x20, Muscular Augments  
  138  8:52  Zerg Ground Armor Level 2, Zerg Melee Weapons Level 2  
  138  8:53  Adrenal Glands  
  138  9:00  Drone x2  
  138  9:01  Drone x3, Extractor  
  142  9:03  Drone  
  142  9:04  Ultralisk Cavern  
  142  9:10  Queen  
  144  9:18  Overlord x2  
  144  9:23  Drone  
  144  9:24  Viper x2  
  145  9:25  Zergling x2  
  145  9:26  Zergling x10  
  145  9:28  Baneling x4  
  157  9:33  Hatchery  
  152  9:47  Zergling x12  
  156  9:58  Drone  
  156  9:59  Drone x2  
  158  10:04  Queen  
  160  10:08  Overlord x3, Baneling  
  160  10:09  Chitinous Plating, Overlord  
  160  10:11  Baneling, Hydralisk  
  160  10:12  Baneling x4, Hydralisk x2  
  166  10:14  Zergling x6  
  166  10:15  Zergling x8  
  166  10:17  Baneling  
  166  10:18  Baneling x13  
  171  10:23  Hydralisk  
  171  10:24  Zergling x6  
  171  10:25  Zergling x12  
  171  10:27  Overlord  
  173  10:29  Hydralisk, Zergling x2  
  176  10:37  Hydralisk, Zergling x2  
  176  10:38  Zergling x12  
  176  10:39  Baneling  
  176  10:40  Baneling x5  
  183  10:44  Hydralisk  
  183  10:45  Zergling x6  
  178  10:50  Baneling  
  178  10:51  Baneling x12  
  178  10:56  Hydralisk, Zergling x2  
  178  10:57  Zergling x6  
  161  11:07  Viper  
  161  11:08  Hydralisk  
  161  11:09  Zergling x18  
  166  11:14  Baneling x3  
  166  11:16  Drone  
  166  11:17  Drone x2, Extractor  
  166  11:18  Drone  
  166  11:20  Queen  
  166  11:21  Queen  
  170  11:28  Zerg Ground Armor Level 3, Zergling x2  
  170  11:29  Zergling x2  
  172  11:35  Baneling x5  
  172  11:36  Zergling x8  
  175  11:53  Zerg Melee Weapons Level 3  
  170  11:56  Hydralisk, Zergling x2  
  170  11:57  Zergling x30  
  187  12:02  Baneling x7  
  187  12:06  Ultralisk  
  188  12:20  Queen  
  188  12:21  Hydralisk  
  188  12:22  Zergling x10  
  185  12:23  Zergling x14  
  190  12:35  Baneling x5  
  190  12:36  Ultralisk, Zergling x2  
  197  12:37  Zergling x4  
  188  12:55  Extractor  
  188  12:57  Ultralisk, Zergling x14  
  199  13:04  Queen  
  199  13:08  Drone  
  200  13:19  Ultralisk, Zergling x2  
  177  13:20  Zergling x18  
  177  13:22  Viper  
  177  13:23  Viper  
  177  13:26  Baneling  
  184  13:27  Baneling x13, Zergling x2  
  184  13:28  Zergling x18  
  194  13:44  Zergling x2  
  194  13:45  Zergling x14  
  194  13:47  Baneling x20  
  199  14:04  Baneling  
  199  14:05  Baneling x5  
  199  14:13  Zergling x2  
  190  14:31  Ultralisk, Zergling x16  
  175  14:41  Ultralisk x4  
  175  14:43  Zergling x18  
  198  14:53  Baneling x11  
  198  14:58  Zergling x4  
  200  15:05  Baneling x2  
  200  15:06  Baneling x3  
  200  15:08  Baneling x4  
  200  15:12  Hatchery  
  199  15:17  Baneling x4  
  199  15:18  Baneling x3  
Show
View Real Time Build Order
Export as new Build Order

Kelazhur Terran 

Build Orders: Liberator Opening, Reaper Expand, Bio Tank 

Get SALT Encoding   

  12  0:00  SCV  
  13  0:12  SCV  
  14  0:16  Supply Depot  
  14  0:24  SCV  
  15  0:38  SCV  
  15  0:39  Barracks  
  16  0:43  Refinery  
  16  0:50  SCV  
  17  1:02  SCV  
  18  1:14  SCV  
  19  1:26  Reaper, Orbital Command  
  20  1:39  Command Center  
  20  1:49  Supply Depot  
  20  1:52  SCV  
  21  1:58  Marine  
  22  2:04  Factory  
  22  2:06  SCV  
  23  2:11  Refinery  
  23  2:19  SCV  
  23  2:20  Barracks Reactor  
  24  2:31  SCV  
  25  2:43  SCV  
  26  2:51  Starport  
  26  2:53  Orbital Command  
  26  2:55  SCV  
  27  3:02  Hellion x2  
  31  3:07  SCV, Barracks Tech Lab  
  32  3:19  SCV x2  
  34  3:24  Hellion  
  34  3:26  Hellion  
  38  3:31  SCV  
  38  3:32  SCV  
  39  3:36  Medivac  
  39  3:40  Stimpack  
  42  3:42  Supply Depot  
  42  3:43  SCV  
  42  3:44  SCV  
  45  3:48  Hellion  
  45  3:49  Liberator  
  45  3:51  Marine  
  46  3:56  Supply Depot  
  46  4:04  SCV x2, Hellion  
  46  4:07  Supply Depot  
  53  4:16  SCV  
  54  4:18  SCV, Marine  
  54  4:21  Command Center  
  56  4:28  SCV  
  56  4:31  Barracks  
  57  4:35  Factory Reactor  
  57  4:37  SCV  
  58  4:38  Barracks  
  58  4:40  SCV  
  58  4:41  Marine  
  60  4:49  SCV  
  60  4:50  Supply Depot  
  60  4:52  SCV  
  62  4:58  Bunker  
  62  4:59  Marauder  
  64  5:01  SCV  
  64  5:04  SCV  
  64  5:06  Engineering Bay x2  
  66  5:07  Refinery  
  66  5:08  Refinery  
  66  5:13  Starport Reactor, SCV  
  67  5:16  SCV  
  67  5:17  Marine  
  69  5:22  Supply Depot  
  69  5:23  Factory Tech Lab  
  69  5:25  SCV  
  69  5:27  Marine  
  71  5:31  SCV  
  70  5:36  Marine x2  
  70  5:37  SCV  
  70  5:39  Marine  
  75  5:43  Siege Tank  
  75  5:44  SCV, Barracks x2  
  75  5:49  SCV  
  76  5:50  Marine x2  
  76  5:52  Terran Infantry Weapons Level 1  
  76  5:53  Terran Infantry Armor Level 1  
  76  5:56  SCV  
  79  6:01  SCV, Marine x3  
  79  6:04  Medivac x2  
  85  6:08  SCV  
  85  6:09  Marine x2  
  90  6:12  Combat Shields  
  90  6:13  SCV  
  90  6:16  Siege Tank  
  94  6:19  Orbital Command  
  94  6:21  SCV  
  94  6:22  Marine  
  94  6:23  Marine  
  97  6:26  Marine  
  97  6:27  SCV  
  97  6:31  Marine  
  97  6:32  Barracks Reactor x2  
  100  6:33  SCV  
  100  6:38  Supply Depot  
  101  6:44  Armory  
  101  6:45  Supply Depot  
  101  6:52  Missile Turret  
  101  6:56  Supply Depot  
  101  6:58  Marine x2  
  101  6:59  Supply Depot, SCV x3, Marine, Medivac  
  109  7:05  Marine  
  109  7:08  Siege Tank  
  110  7:11  Medivac  
  103  7:17  Marine  
  103  7:18  Marine x3  
  98  7:25  Marine x4, Marauder  
  98  7:29  SCV x3  
  105  7:30  Liberator  
  105  7:32  Supply Depot, Refinery  
  105  7:33  Terran Vehicle Weapons Level 1  
  105  7:34  Concussive Shells  
  105  7:35  Marine  
  105  7:36  Marine x2  
  108  7:39  Marine  
  108  7:40  Siege Tank  
  108  7:41  Supply Depot  
  108  7:42  SCV x2  
  108  7:43  SCV, Marine x2  
  117  7:46  Marine  
  121  7:55  Supply Depot  
  121  7:56  Marine x3, Marauder  
  121  7:57  Refinery  
  126  7:59  Marine  
  126  8:04  Marine  
  126  8:05  Marine  
  129  8:09  Marine x2  
  129  8:12  Terran Infantry Weapons Level 2  
  134  8:13  Marine  
  134  8:17  Marauder  
  134  8:18  Terran Infantry Armor Level 2  
  134  8:19  Marine x2  
  136  8:20  Marine  
  137  8:28  Marine  
  137  8:33  Marine x2  
  140  8:37  Marine  
  140  8:39  Siege Tank, Marine x4, Medivac, Marauder  
  138  8:46  Marine  
  128  8:50  Marine  
  128  8:51  Marine  
  128  8:52  Supply Depot, Command Center  
  128  8:55  Supply Depot, Marine  
  127  8:57  Marine x4  
  127  8:59  Medivac  
  127  9:00  Marine  
  135  9:04  Marine  
  135  9:06  Factory  
  135  9:08  Marine, Barracks  
  135  9:09  Marine, Barracks, Medivac  
  140  9:13  Marine  
  140  9:15  Siege Tank, Marine x3  
  147  9:18  Marauder  
  147  9:19  SCV  
  147  9:20  SCV x2  
  147  9:21  Marine, Refinery  
  147  9:22  Supply Depot  
  147  9:23  Marine  
  154  9:27  Marine  
  154  9:29  Terran Vehicle Weapons Level 2  
  155  9:38  Marine  
  154  9:39  Marine x5, Marauder  
  154  9:41  Marine  
  162  9:46  Marine  
  161  9:55  Marine  
  161  9:56  Marine x2  
  161  9:57  Marine x5  
  161  9:58  Marine  
  170  10:00  Marine  
  170  10:03  Factory Tech Lab  
  170  10:04  Marine  
  170  10:06  Supply Depot, Medivac x2  
  173  10:13  Marine x2  
  175  10:17  Marine x5  
  175  10:18  Marine x2, Liberator x2  
  175  10:19  Marauder  
  183  10:26  Siege Tank, Marine  
  185  10:37  Terran Infantry Weapons Level 3  
  191  10:45  Marine, Marauder  
  191  10:48  Siege Tank  
  191  10:50  Marine x7  
  174  11:05  Marine  
  174  11:06  Marine x2  
  174  11:07  Siege Tank, Marine, Marauder  
  174  11:08  Marine x5, Liberator  
  167  11:12  Liberator  
  167  11:13  Marine  
  167  11:17  Planetary Fortress  
  166  11:20  Siege Tank  
  166  11:23  Marine  
  166  11:24  Marine  
  174  11:28  Marauder  
  177  11:40  Marine  
  178  11:48  Marine  
  178  11:49  Marine x8, Marauder  
  189  11:54  Siege Tank  
  189  11:58  Marine  
  189  11:59  Siege Tank  
  191  12:06  Marine x5  
  196  12:11  Marauder  
  189  12:18  Marine x4  
  189  12:19  Medivac x2  
  180  12:24  Marine  
  180  12:25  Marine  
  180  12:26  Siege Tank  
  185  12:31  Siege Tank  
  185  12:32  Terran Vehicle Weapons Level 3, Marauder  
  185  12:33  Marine x4  
  185  12:36  Marine  
  195  12:43  Marine  
  194  12:46  Marine  
  194  12:49  Marine, Medivac x2  
  200  12:58  Siege Tank  
  200  13:01  Marauder  
  200  13:04  Marine  
  200  13:05  Liberator  
  192  13:07  Marine  
  192  13:08  Marine x3, Barracks Tech Lab x2, Liberator  
  192  13:09  Siege Tank  
  192  13:12  Refinery  
  168  13:23  Marauder  
  171  13:30  Siege Tank  
  171  13:31  Refinery  
  170  13:43  Marine, Marauder  
  170  13:44  Marauder  
  170  13:45  Marine  
  175  13:52  Siege Tank  
  175  13:53  Marine  
  175  13:54  Marine x6  
  185  13:58  Command Center  
  185  14:03  Siege Tank  
  185  14:04  Marine, Marauder  
  185  14:06  Marine, Marauder  
  194  14:11  Marine  
  194  14:12  Marine x5  
  200  14:22  Liberator  
  200  14:23  Marine, Starport  
  192  14:25  Marine, Starport  
  192  14:26  Marine  
  192  14:27  Barracks x2  
  146  14:32  Marine x5, Marauder  
  137  14:41  Marine  
  137  14:44  Marauder  
  132  14:48  Marauder  
  132  14:50  Liberator  
  134  14:54  Siege Tank  
  134  14:58  SCV  
  138  15:09  Starport Reactor, Starport Tech Lab  
  144  15:30  Command Center  
  144  15:34  Marauder  

Tags
 
Add a new tag
Caveats
  • Supply blocks, unpowered buildings, or Contaminate may cause inaccurate times.
  • Supply counts are checked every 10 seconds.